[ PARTIDA AOE2 · #460553536 ]
Team RMJemeres vs Romans
[ ANÁLISIS DE REPETICIÓN · EXTRAÍDO DE LA PARTIDA GRABADA ]
Feudal
10:07
Castillos
20:14
Imperial
32:31
| APM promedio | 31.0 |
| APM pico | 64 |
| eAPM promedio | 15.6 |
| Aldeanos / militares | 129 / 112 |
Foco
⚔️ 15.2% · 🌾 84.8%
Ballista Elephant ×85 · Fishing Ship ×41 · Scout Cavalry ×12 · Fire Galley ×10 · Trebuchet (Packed) ×4 · Monk ×1
Feudal
11:11
Castillos
24:46
Imperial
36:07
| APM promedio | 25.2 |
| APM pico | 56 |
| eAPM promedio | 17.9 |
| Aldeanos / militares | 144 / 163 |
Foco
⚔️ 30.4% · 🌾 69.6%
Magyar Huszar ×159 · Trebuchet (Packed) ×4
Feudal
13:56
Castillos
17:51
Imperial
34:02
| APM promedio | 16.2 |
| APM pico | 42 |
| eAPM promedio | 11.9 |
| Aldeanos / militares | 156 / 76 |
Foco
⚔️ 11.8% · 🌾 88.2%
Mameluke ×68 · Trade Cart ×15 · Bombard Cannon ×6 · Trebuchet (Packed) ×2
Feudal
9:58
Castillos
17:27
Imperial
44:46
| APM promedio | 22.0 |
| APM pico | 57 |
| eAPM promedio | 15.8 |
| Aldeanos / militares | 168 / 105 |
Foco
⚔️ 24.4% · 🌾 75.6%
War Wagon ×39 · Scout Cavalry ×25 · Archer ×22 · Iron Pagoda ×19 · Fishing Ship ×15
Feudal
11:32
Castillos
26:26
Imperial
40:37
| APM promedio | 16.1 |
| APM pico | 36 |
| eAPM promedio | 9.7 |
| Aldeanos / militares | 106 / 72 |
Foco
⚔️ 26.8% · 🌾 73.2%
Spearman ×29 · Fishing Ship ×26 · Skirmisher ×16 · Fire Galley ×12 · Militia ×10 · Mangonel ×3
Feudal
9:13
Castillos
20:39
Imperial
43:26
| APM promedio | 21.6 |
| APM pico | 62 |
| eAPM promedio | 10.1 |
| Aldeanos / militares | 106 / 45 |
Foco
⚔️ 30.6% · 🌾 69.4%
Unknown (2550) ×103 · Spearman ×41 · Trebuchet (Packed) ×4
Mapa de la partida
Recursos al inicio + cada clic de construcción. Línea gruesa = muro · recuadro discontinuo = muro de casas detectado. 🟡 oro · ⚪ piedra · 🟢 bayas · 🔶 jabalí · ⭕ reliquia
Inputs por minuto
— Carlomagno_dp - - Alastor1001
Build order — Carlomagno_dp
Primeras 150 de 370 acciones detectadas
| 0:02 | Crear | Villager (Male) |
| 0:02 | Crear | Villager (Male) |
| 0:02 | Crear | Villager (Male) |
| 0:03 | Crear | Villager (Male) |
| 0:06 | Construir | House |
| 0:08 | Construir | House |
| 1:36 | Crear | Villager (Male) |
| 1:36 | Crear | Villager (Male) |
| 2:14 | Crear | Villager (Male) |
| 2:14 | Crear | Villager (Male) |
| 2:46 | Crear | Villager (Male) |
| 3:35 | Crear | Villager (Male) |
| 3:36 | Crear | Villager (Male) |
| 3:36 | Crear | Villager (Male) |
| 3:48 | Crear | Villager (Male) |
| 4:03 | Construir | House |
| 4:45 | Construir | Lumber Camp |
| 4:49 | Crear | Villager (Male) |
| 5:07 | Crear | Villager (Male) |
| 5:07 | Crear | Villager (Male) |
| 5:07 | Crear | Villager (Male) |
| 5:58 | Crear | Villager (Male) |
| 5:58 | Crear | Villager (Male) |
| 5:58 | Crear | Villager (Male) |
| 5:59 | Crear | Villager (Male) |
| 6:29 | Construir | House |
| 7:40 | Construir | Mill |
| 7:57 | Investigar | Feudal Age |
| 8:59 | Construir | Lumber Camp |
| 9:30 | Crear | Villager (Male) |
| 9:30 | Crear | Villager (Male) |
| 9:40 | Construir | Mining Camp |
| 9:55 | Crear | Villager (Male) |
| 9:56 | Crear | Villager (Male) |
| 10:07 | Edad | Edad Feudal |
| 10:07 | Investigar | Double-Bit Axe |
| 10:16 | Investigar | Horse Collar |
| 10:16 | Investigar | Horse Collar |
| 10:29 | Construir | House |
| 10:43 | Construir | House |
| 10:58 | Construir | Dock |
| 11:32 | Construir | Farm |
| 11:47 | Construir | House |
| 11:50 | Crear | Fishing Ship |
| 11:50 | Crear | Fishing Ship |
| 11:50 | Crear | Fishing Ship |
| 11:53 | Crear | Villager (Male) |
| 12:04 | Construir | Farm |
| 12:10 | Construir | Farm |
| 12:17 | Construir | Farm |
| 12:21 | Crear | Villager (Male) |
| 12:45 | Construir | Dock |
| 12:56 | Construir | Farm |
| 12:57 | Construir | Farm |
| 12:58 | Construir | Farm |
| 13:03 | Crear | Villager (Male) |
| 13:03 | Crear | Villager (Male) |
| 13:20 | Investigar | Tech 906 |
| 13:32 | Construir | Farm |
| 13:43 | Crear | Fishing Ship |
| 13:43 | Crear | Fishing Ship |
| 13:43 | Crear | Fishing Ship |
| 13:54 | Crear | Villager (Male) |
| 13:54 | Crear | Villager (Male) |
| 14:08 | Crear | Fishing Ship |
| 14:08 | Crear | Fishing Ship |
| 14:13 | Construir | House |
| 14:24 | Crear | Villager (Male) |
| 14:31 | Construir | Farm |
| 14:52 | Construir | House |
| 14:53 | Construir | House |
| 15:18 | Crear | Villager (Male) |
| 15:19 | Crear | Villager (Male) |
| 15:23 | Crear | Fishing Ship |
| 15:23 | Crear | Fishing Ship |
| 15:37 | Construir | Farm |
| 15:39 | Construir | Farm |
| 15:43 | Crear | Fishing Ship ×3 |
| 15:53 | Crear | Villager (Male) |
| 16:01 | Construir | House |
| 16:12 | Construir | House |
| 16:23 | Construir | Market |
| 16:43 | Construir | Blacksmith |
| 16:44 | Crear | Villager (Male) |
| 16:44 | Crear | Villager (Male) |
| 17:01 | Construir | House |
| 17:03 | Crear | Villager (Male) |
| 17:17 | Investigar | Castle Age |
| 17:33 | Construir | Mining Camp |
| 18:00 | Investigar | Loom |
| 18:01 | Investigar | Wheelbarrow |
| 18:16 | Crear | Fishing Ship |
| 18:17 | Crear | Fishing Ship |
| 18:19 | Crear | Fishing Ship |
| 18:19 | Crear | Fishing Ship |
| 18:45 | Construir | Stable |
| 19:42 | Crear | Fishing Ship ×5 |
| 19:57 | Construir | Stable |
| 20:14 | Edad | Edad de los Castillos |
| 20:34 | Investigar | Bow Saw |
| 21:12 | Crear | Scout Cavalry ×5 |
| 21:16 | Construir | Town Center |
| 21:25 | Crear | Villager (Male) |
| 21:25 | Crear | Villager (Male) |
| 21:43 | Construir | Stable |
| 21:51 | Investigar | Bloodlines |
| 21:58 | Investigar | Husbandry |
| 22:02 | Crear | Villager (Male) |
| 22:15 | Construir | House |
| 22:15 | Construir | House |
| 22:15 | Construir | House |
| 22:16 | Construir | House |
| 22:16 | Construir | House |
| 22:20 | Crear | Villager (Male) |
| 22:27 | Crear | Villager (Male) |
| 22:38 | Crear | Villager (Male) |
| 22:38 | Crear | Villager (Male) |
| 22:57 | Construir | Town Center |
| 23:07 | Investigar | Light Cavalry (upgrade) |
| 23:19 | Crear | Scout Cavalry ×5 |
| 23:22 | Investigar | Forging |
| 23:24 | Crear | Villager (Male) |
| 23:30 | Investigar | Gold Mining |
| 23:47 | Crear | Villager (Male) |
| 23:47 | Crear | Villager (Male) |
| 23:49 | Crear | Villager (Male) |
| 23:49 | Crear | Villager (Male) |
| 24:11 | Construir | Dock |
| 24:16 | Crear | Villager (Male) |
| 24:17 | Crear | Villager (Male) |
| 24:17 | Crear | Villager (Male) |
| 24:19 | Crear | Villager (Male) |
| 24:29 | Investigar | Gold Shaft Mining |
| 24:36 | Investigar | Gillnets |
| 24:45 | Investigar | Iron Casting |
| 24:51 | Crear | Villager (Male) |
| 24:51 | Crear | Villager (Male) |
| 25:40 | Crear | Villager (Male) |
| 25:41 | Crear | Villager (Male) |
| 25:42 | Crear | Villager (Male) |
| 25:42 | Crear | Villager (Male) |
| 25:42 | Crear | Villager (Male) |
| 25:43 | Crear | Villager (Male) |
| 25:43 | Crear | Villager (Male) |
| 25:45 | Crear | Villager (Male) |
| 26:25 | Crear | Villager (Male) |
| 26:27 | Crear | Villager (Male) |
| 26:28 | Crear | Villager (Male) |
| 26:42 | Crear | Fishing Ship |
| 26:42 | Crear | Fishing Ship |
Build order — Alastor1001
Primeras 150 de 520 acciones detectadas
| 0:04 | Construir | House |
| 0:05 | Crear | Villager (Male) |
| 0:05 | Crear | Villager (Male) |
| 0:05 | Crear | Villager (Male) |
| 0:05 | Crear | Villager (Male) |
| 0:26 | Construir | House |
| 1:01 | Construir | House |
| 1:02 | Construir | House |
| 2:04 | Crear | Villager (Male) |
| 2:04 | Crear | Villager (Male) |
| 2:34 | Construir | House |
| 2:46 | Crear | Villager (Male) |
| 2:46 | Crear | Villager (Male) |
| 3:06 | Crear | Villager (Male) |
| 3:06 | Crear | Villager (Male) |
| 3:22 | Crear | Villager (Male) |
| 3:45 | Crear | Villager (Male) |
| 4:25 | Crear | Villager (Male) |
| 4:25 | Crear | Villager (Male) |
| 4:25 | Crear | Villager (Male) |
| 5:15 | Crear | Villager (Male) |
| 5:15 | Crear | Villager (Male) |
| 5:15 | Crear | Villager (Male) |
| 5:16 | Crear | Villager (Male) |
| 6:00 | Crear | Villager (Male) |
| 6:33 | Crear | Villager (Male) |
| 7:14 | Crear | Villager (Male) |
| 7:30 | Crear | Villager (Male) |
| 7:34 | Investigar | Loom |
| 8:06 | Construir | Lumber Camp |
| 8:22 | Construir | Mill |
| 8:35 | Crear | Villager (Male) |
| 9:00 | Investigar | Feudal Age |
| 9:27 | Construir | House |
| 9:29 | Construir | House |
| 9:31 | Construir | House |
| 9:37 | Construir | Palisade Wall |
| 9:52 | Crear | Villager (Male) |
| 9:52 | Crear | Villager (Male) |
| 10:56 | Construir | House |
| 11:11 | Edad | Edad Feudal |
| 11:14 | Construir | House |
| 11:17 | Construir | House |
| 11:37 | Construir | Stone Wall |
| 11:49 | Crear | Villager (Male) |
| 12:59 | Crear | Villager (Male) |
| 12:59 | Crear | Villager (Male) |
| 12:59 | Crear | Villager (Male) |
| 13:10 | Construir | Building 673 |
| 13:33 | Construir | Building 673 |
| 13:43 | Crear | Villager (Male) |
| 13:44 | Crear | Villager (Male) |
| 13:57 | Crear | Villager (Male) |
| 14:12 | Construir | Watch Tower |
| 14:36 | Construir | Mining Camp |
| 14:41 | Construir | Lumber Camp |
| 14:43 | Crear | Villager (Male) |
| 15:01 | Construir | Stone Wall |
| 15:35 | Construir | Farm |
| 15:35 | Construir | Farm |
| 15:35 | Construir | Farm |
| 15:36 | Construir | Farm |
| 15:36 | Construir | Farm |
| 15:36 | Construir | Farm |
| 15:36 | Construir | Farm |
| 15:37 | Construir | Farm |
| 16:07 | Construir | Farm |
| 16:07 | Construir | Farm |
| 16:08 | Construir | Farm |
| 16:08 | Construir | Farm |
| 16:09 | Construir | Farm |
| 16:20 | Construir | Watch Tower |
| 16:22 | Construir | House |
| 16:24 | Construir | House |
| 16:25 | Construir | House |
| 16:37 | Crear | Villager (Male) |
| 17:05 | Crear | Villager (Male) |
| 17:06 | Crear | Villager (Male) |
| 17:06 | Crear | Villager (Male) |
| 17:06 | Crear | Villager (Male) |
| 17:56 | Crear | Villager (Male) |
| 18:04 | Construir | Building 487 |
| 18:11 | Crear | Villager (Male) |
| 18:20 | Construir | Farm |
| 18:21 | Construir | Farm |
| 18:21 | Construir | Farm |
| 18:21 | Construir | Farm |
| 18:21 | Construir | Farm |
| 18:22 | Construir | Farm |
| 18:24 | Crear | Villager (Male) |
| 18:41 | Construir | Building 487 |
| 19:01 | Investigar | Double-Bit Axe |
| 19:29 | Crear | Villager (Male) |
| 19:30 | Crear | Villager (Male) |
| 19:41 | Construir | Mill |
| 19:43 | Construir | Farm |
| 19:43 | Construir | Farm |
| 19:44 | Construir | Farm |
| 19:44 | Construir | Farm |
| 19:45 | Construir | Farm |
| 20:00 | Construir | Building 487 |
| 20:08 | Crear | Villager (Male) |
| 20:27 | Construir | Mining Camp |
| 20:30 | Crear | Villager (Male) |
| 20:45 | Construir | Market |
| 20:53 | Construir | Blacksmith |
| 21:05 | Crear | Villager (Male) |
| 21:57 | Investigar | Castle Age |
| 22:23 | Construir | Stone Wall |
| 22:50 | Investigar | Stone Mining |
| 22:55 | Crear | Villager (Male) |
| 22:55 | Crear | Villager (Male) |
| 23:04 | Construir | Stone Wall |
| 23:05 | Construir | Stone Wall |
| 23:30 | Investigar | Horse Collar |
| 24:46 | Edad | Edad de los Castillos |
| 24:54 | Construir | Town Center |
| 25:06 | Construir | Castle |
| 25:56 | Construir | Town Center |
| 26:16 | Construir | Town Center |
| 26:26 | Crear | Villager (Male) |
| 26:27 | Crear | Villager (Male) |
| 26:27 | Crear | Villager (Male) |
| 26:28 | Crear | Villager (Male) |
| 26:28 | Crear | Villager (Male) |
| 26:28 | Crear | Villager (Male) |
| 27:11 | Construir | House |
| 27:13 | Construir | House |
| 27:14 | Construir | House |
| 27:15 | Construir | House |
| 27:26 | Crear | Villager (Male) |
| 27:26 | Crear | Villager (Male) |
| 27:27 | Crear | Villager (Male) |
| 27:27 | Crear | Villager (Male) |
| 27:27 | Crear | Villager (Male) |
| 28:03 | Crear | Magyar Huszar |
| 28:03 | Crear | Magyar Huszar |
| 28:03 | Crear | Magyar Huszar |
| 28:40 | Crear | Villager (Male) |
| 28:41 | Crear | Villager (Male) |
| 28:41 | Crear | Villager (Male) |
| 28:41 | Crear | Villager (Male) |
| 28:41 | Crear | Villager (Male) |
| 28:42 | Crear | Villager (Male) |
| 28:42 | Crear | Villager (Male) |
| 28:42 | Crear | Villager (Male) |
| 28:56 | Crear | Villager (Male) |
| 28:56 | Crear | Villager (Male) |
| 28:56 | Crear | Villager (Male) |
| 29:12 | Crear | Villager (Male) |
Build order — Alvaro_Pirichy
Primeras 150 de 333 acciones detectadas
| 0:06 | Construir | House |
| 0:08 | Construir | House |
| 0:09 | Crear | Villager (Male) |
| 0:10 | Crear | Villager (Male) |
| 0:10 | Crear | Villager (Male) |
| 0:10 | Crear | Villager (Male) |
| 1:39 | Crear | Villager (Male) |
| 2:51 | Construir | Lumber Camp |
| 2:55 | Crear | Villager (Male) |
| 2:55 | Crear | Villager (Male) |
| 2:55 | Crear | Villager (Male) |
| 3:33 | Crear | Villager (Male) |
| 3:53 | Crear | Villager (Male) |
| 4:23 | Construir | House |
| 4:51 | Crear | Villager (Male) |
| 4:52 | Crear | Villager (Male) |
| 4:55 | Construir | House |
| 5:04 | Crear | Villager (Male) |
| 5:44 | Construir | Mill |
| 6:18 | Investigar | Loom |
| 6:21 | Crear | Villager (Male) |
| 7:11 | Crear | Villager (Male) |
| 7:11 | Crear | Villager (Male) |
| 7:25 | Crear | Villager (Male) |
| 7:41 | Construir | House |
| 8:14 | Crear | Villager (Male) |
| 8:16 | Crear | Villager (Male) |
| 8:23 | Construir | House |
| 8:25 | Construir | House |
| 8:47 | Crear | Villager (Male) |
| 8:48 | Crear | Villager (Male) |
| 9:17 | Crear | Villager (Male) |
| 9:43 | Crear | Villager (Male) |
| 9:55 | Construir | Mill |
| 10:02 | Crear | Villager (Male) |
| 10:03 | Crear | Villager (Male) |
| 10:38 | Crear | Villager (Male) |
| 11:26 | Investigar | Feudal Age |
| 11:58 | Construir | House |
| 11:59 | Construir | House |
| 12:01 | Construir | House |
| 12:02 | Construir | House |
| 12:05 | Construir | House |
| 12:08 | Crear | Villager (Male) |
| 12:30 | Construir | Mill |
| 12:49 | Crear | Villager (Male) |
| 13:56 | Edad | Edad Feudal |
| 13:57 | Crear | Villager (Male) |
| 14:05 | Construir | Market |
| 14:09 | Construir | Blacksmith |
| 14:13 | Crear | Villager (Male) |
| 14:34 | Investigar | Double-Bit Axe |
| 15:05 | Investigar | Castle Age |
| 15:25 | Construir | Mining Camp |
| 16:22 | Construir | House |
| 16:45 | Construir | Lumber Camp |
| 16:54 | Construir | Mining Camp |
| 16:56 | Crear | Villager (Male) |
| 17:06 | Construir | Mining Camp |
| 17:10 | Investigar | Stone Mining |
| 17:24 | Construir | Farm |
| 17:25 | Construir | Farm |
| 17:25 | Construir | Farm |
| 17:30 | Construir | Farm |
| 17:33 | Construir | Farm |
| 17:47 | Investigar | Horse Collar |
| 17:51 | Edad | Edad de los Castillos |
| 18:15 | Construir | Town Center |
| 18:21 | Crear | Villager (Male) |
| 18:35 | Construir | Farm |
| 19:10 | Crear | Villager (Male) |
| 19:25 | Construir | Farm |
| 19:25 | Construir | Farm |
| 19:26 | Construir | Farm |
| 19:44 | Construir | Farm |
| 19:44 | Construir | Farm |
| 20:05 | Crear | Villager (Male) |
| 20:05 | Crear | Villager (Male) |
| 20:20 | Construir | Farm |
| 20:20 | Construir | Farm |
| 20:23 | Crear | Villager (Male) |
| 20:45 | Construir | Farm |
| 20:50 | Crear | Villager (Male) |
| 21:06 | Construir | Farm |
| 21:07 | Construir | Farm |
| 21:30 | Construir | Castle |
| 21:32 | Crear | Villager (Male) |
| 21:34 | Crear | Villager (Male) |
| 21:35 | Crear | Villager (Male) |
| 22:06 | Investigar | Bow Saw |
| 22:12 | Crear | Villager (Male) |
| 22:13 | Crear | Villager (Male) |
| 22:21 | Construir | Farm |
| 22:22 | Construir | Farm |
| 22:36 | Crear | Villager (Male) |
| 22:38 | Crear | Villager (Male) |
| 22:42 | Crear | Villager (Male) |
| 23:05 | Construir | Town Center |
| 23:07 | Crear | Villager (Male) |
| 23:28 | Investigar | Heavy Plow |
| 23:39 | Construir | Farm |
| 23:39 | Construir | Farm |
| 23:40 | Construir | Farm |
| 23:40 | Construir | Farm |
| 23:41 | Construir | Farm |
| 23:43 | Crear | Villager (Male) |
| 23:47 | Crear | Villager (Male) |
| 24:05 | Construir | Mill |
| 24:07 | Crear | Villager (Male) |
| 24:08 | Crear | Villager (Male) |
| 24:26 | Crear | Villager (Male) |
| 24:42 | Crear | Villager (Male) |
| 24:44 | Crear | Villager (Male) |
| 24:53 | Construir | Farm |
| 24:54 | Construir | Farm |
| 24:54 | Construir | Farm |
| 24:54 | Construir | Farm |
| 24:58 | Crear | Villager (Male) |
| 25:02 | Crear | Villager (Male) |
| 25:07 | Construir | Farm |
| 25:11 | Crear | Villager (Male) |
| 25:34 | Crear | Villager (Male) |
| 25:35 | Crear | Villager (Male) |
| 25:53 | Crear | Villager (Male) |
| 25:54 | Crear | Villager (Male) |
| 25:54 | Crear | Villager (Male) |
| 26:16 | Crear | Villager (Male) |
| 26:17 | Crear | Villager (Male) |
| 26:17 | Crear | Villager (Male) |
| 26:31 | Construir | Town Center |
| 26:33 | Crear | Villager (Male) |
| 26:33 | Crear | Villager (Male) |
| 26:33 | Crear | Villager (Male) |
| 26:40 | Construir | Farm |
| 26:40 | Construir | Farm |
| 26:40 | Construir | Farm |
| 26:41 | Construir | Farm |
| 26:41 | Construir | Farm |
| 26:41 | Construir | Farm |
| 26:43 | Crear | Villager (Male) |
| 26:50 | Construir | Farm |
| 26:50 | Construir | Farm |
| 26:50 | Construir | Farm |
| 26:51 | Construir | Farm |
| 26:51 | Construir | Farm |
| 26:54 | Crear | Villager (Male) |
| 26:54 | Crear | Villager (Male) |
| 26:54 | Crear | Villager (Male) |
| 27:05 | Crear | Villager (Male) |
| 27:06 | Crear | Villager (Male) |
Build order — BOYBOSSBEHAVE
Primeras 150 de 407 acciones detectadas
| 0:06 | Construir | House |
| 0:08 | Construir | House |
| 0:09 | Crear | Villager (Male) |
| 0:09 | Crear | Villager (Male) |
| 0:09 | Crear | Villager (Male) |
| 0:10 | Crear | Villager (Male) |
| 1:33 | Crear | Villager (Male) |
| 2:15 | Crear | Villager (Male) |
| 2:21 | Construir | Lumber Camp |
| 2:41 | Crear | Villager (Male) |
| 2:49 | Construir | House |
| 2:54 | Construir | House |
| 2:57 | Crear | Villager (Male) |
| 3:06 | Crear | Villager (Male) |
| 3:28 | Crear | Villager (Male) |
| 4:18 | Crear | Villager (Male) |
| 4:24 | Crear | Villager (Male) |
| 4:44 | Crear | Villager (Male) |
| 4:59 | Crear | Villager (Male) |
| 5:22 | Crear | Villager (Male) |
| 5:26 | Construir | Mill |
| 5:39 | Construir | House |
| 6:45 | Crear | Villager (Male) |
| 6:45 | Investigar | Loom |
| 7:04 | Construir | Palisade Wall |
| 7:06 | Construir | Palisade Wall |
| 7:48 | Investigar | Feudal Age |
| 9:37 | Crear | Villager (Male) |
| 9:37 | Crear | Villager (Male) |
| 9:58 | Edad | Edad Feudal |
| 9:58 | Investigar | Double-Bit Axe |
| 10:18 | Construir | Blacksmith |
| 10:27 | Crear | Villager (Male) |
| 10:27 | Crear | Villager (Male) |
| 11:50 | Crear | Villager (Male) |
| 11:50 | Crear | Villager (Male) |
| 12:07 | Construir | Dock |
| 12:09 | Crear | Villager (Male) |
| 12:53 | Construir | House |
| 12:57 | Construir | House |
| 13:43 | Crear | Villager (Male) |
| 14:13 | Construir | Market |
| 14:31 | Crear | Fishing Ship |
| 14:47 | Investigar | Castle Age |
| 14:47 | Investigar | Castle Age |
| 14:57 | Construir | Farm |
| 14:57 | Construir | Farm |
| 15:06 | Construir | House |
| 15:14 | Crear | Fishing Ship |
| 15:44 | Construir | Dock |
| 15:55 | Crear | Fishing Ship |
| 16:23 | Crear | Fishing Ship |
| 16:23 | Crear | Fishing Ship |
| 17:27 | Edad | Edad de los Castillos |
| 17:27 | Crear | Fishing Ship |
| 17:27 | Crear | Fishing Ship |
| 18:05 | Construir | Barracks |
| 18:07 | Crear | Villager (Male) |
| 18:07 | Crear | Villager (Male) |
| 18:18 | Crear | Fishing Ship |
| 18:35 | Crear | Fishing Ship |
| 18:43 | Crear | Villager (Male) |
| 18:45 | Crear | Villager (Male) |
| 18:59 | Crear | Fishing Ship |
| 19:14 | Crear | Fishing Ship |
| 19:22 | Crear | Villager (Male) |
| 19:54 | Crear | Villager (Male) |
| 19:58 | Construir | House |
| 19:59 | Construir | House |
| 20:07 | Construir | Town Center |
| 20:14 | Crear | Villager (Male) |
| 20:15 | Crear | Villager (Male) |
| 20:17 | Construir | House |
| 20:20 | Construir | House |
| 20:22 | Construir | House |
| 20:24 | Construir | House |
| 20:50 | Construir | House |
| 21:11 | Crear | Villager (Male) |
| 21:12 | Crear | Villager (Male) |
| 21:13 | Crear | Villager (Male) |
| 21:37 | Construir | Archery Range |
| 21:41 | Crear | Villager (Male) |
| 21:51 | Crear | Villager (Male) |
| 22:00 | Construir | Town Center |
| 22:10 | Crear | Villager (Male) |
| 22:11 | Crear | Villager (Male) |
| 22:15 | Construir | Mining Camp |
| 22:21 | Investigar | Crossbowman (upgrade) |
| 22:29 | Construir | Archery Range |
| 22:39 | Crear | Villager (Male) |
| 22:40 | Crear | Villager (Male) |
| 23:08 | Crear | Villager (Male) |
| 23:08 | Crear | Villager (Male) |
| 23:34 | Construir | Town Center |
| 23:39 | Crear | Villager (Male) |
| 23:39 | Crear | Villager (Male) |
| 23:43 | Crear | Archer |
| 23:44 | Crear | Archer |
| 23:53 | Construir | Mining Camp |
| 23:56 | Crear | Villager (Male) |
| 23:56 | Crear | Villager (Male) |
| 24:01 | Investigar | Fletching |
| 24:10 | Construir | Mining Camp |
| 24:15 | Crear | Fishing Ship |
| 24:15 | Crear | Fishing Ship |
| 24:16 | Crear | Villager (Male) |
| 24:17 | Crear | Villager (Male) |
| 24:35 | Crear | Villager (Male) |
| 24:39 | Crear | Villager (Male) |
| 24:43 | Construir | Farm |
| 24:44 | Construir | Farm |
| 24:44 | Construir | Farm |
| 24:45 | Construir | Farm |
| 24:45 | Construir | Farm |
| 24:58 | Crear | Archer |
| 24:58 | Crear | Archer |
| 25:24 | Construir | Farm |
| 25:24 | Construir | Farm |
| 25:40 | Crear | Villager (Male) |
| 25:55 | Investigar | Gold Mining |
| 26:19 | Construir | Farm |
| 26:19 | Construir | Farm |
| 26:20 | Construir | Farm |
| 26:23 | Construir | Farm |
| 26:30 | Crear | Villager (Male) |
| 26:31 | Crear | Villager (Male) |
| 26:35 | Construir | Farm |
| 26:37 | Construir | Farm |
| 26:44 | Construir | Farm |
| 26:51 | Construir | Farm |
| 27:13 | Crear | Villager (Male) |
| 27:14 | Crear | Villager (Male) |
| 27:14 | Crear | Villager (Male) |
| 27:27 | Crear | Archer |
| 27:27 | Crear | Archer |
| 27:28 | Crear | Archer |
| 27:28 | Crear | Archer |
| 27:31 | Crear | Villager (Male) |
| 27:31 | Crear | Villager (Male) |
| 27:50 | Construir | Farm |
| 27:50 | Construir | Farm |
| 27:50 | Construir | Farm |
| 27:54 | Construir | Farm |
| 28:06 | Crear | Villager (Male) |
| 28:07 | Crear | Villager (Male) |
| 28:07 | Crear | Villager (Male) |
| 28:14 | Construir | Archery Range |
| 28:17 | Crear | Villager (Male) |
| 28:18 | Crear | Villager (Male) |
| 28:27 | Crear | Archer |
Build order — Fred
Primeras 150 de 317 acciones detectadas
| 0:12 | Crear | Villager (Male) |
| 0:12 | Crear | Villager (Male) |
| 0:12 | Crear | Villager (Male) |
| 0:12 | Crear | Villager (Male) |
| 0:12 | Crear | Villager (Male) |
| 0:18 | Construir | House |
| 0:20 | Construir | House |
| 0:21 | Construir | House |
| 0:23 | Construir | House |
| 0:37 | Investigar | Loom |
| 0:37 | Crear | Villager (Male) |
| 0:37 | Crear | Villager (Male) |
| 0:38 | Crear | Villager (Male) |
| 0:38 | Crear | Villager (Male) |
| 2:11 | Crear | Villager (Male) |
| 2:11 | Crear | Villager (Male) |
| 2:36 | Crear | Villager (Male) |
| 2:36 | Crear | Villager (Male) |
| 2:36 | Crear | Villager (Male) |
| 2:59 | Crear | Villager (Male) |
| 3:00 | Crear | Villager (Male) |
| 3:55 | Crear | Villager (Male) |
| 3:55 | Crear | Villager (Male) |
| 3:56 | Crear | Villager (Male) |
| 3:56 | Crear | Villager (Male) |
| 3:56 | Crear | Villager (Male) |
| 4:27 | Crear | Villager (Male) |
| 4:28 | Crear | Villager (Male) |
| 4:48 | Crear | Villager (Male) |
| 4:48 | Crear | Villager (Male) |
| 4:48 | Crear | Villager (Male) |
| 7:47 | Construir | Dock |
| 8:39 | Construir | Lumber Camp |
| 8:52 | Crear | Fishing Ship |
| 9:22 | Investigar | Feudal Age |
| 9:45 | Crear | Fishing Ship |
| 9:45 | Crear | Fishing Ship |
| 10:04 | Construir | Mining Camp |
| 10:36 | Construir | Dock |
| 10:52 | Crear | Villager (Male) |
| 11:26 | Construir | Mining Camp |
| 11:32 | Edad | Edad Feudal |
| 11:52 | Construir | Barracks |
| 12:22 | Construir | Mill |
| 12:26 | Crear | Villager (Male) |
| 12:27 | Crear | Villager (Male) |
| 13:07 | Construir | Market |
| 13:21 | Crear | Fishing Ship |
| 13:22 | Crear | Fishing Ship |
| 13:32 | Construir | House |
| 14:26 | Crear | Fishing Ship |
| 14:26 | Crear | Fishing Ship |
| 14:26 | Crear | Fishing Ship |
| 14:26 | Crear | Fishing Ship |
| 14:36 | Crear | Fishing Ship |
| 14:39 | Crear | Fishing Ship |
| 14:40 | Crear | Fishing Ship |
| 15:01 | Crear | Villager (Male) |
| 15:01 | Crear | Villager (Male) |
| 15:02 | Crear | Villager (Male) |
| 15:34 | Construir | Dock |
| 15:50 | Construir | House |
| 15:54 | Construir | House |
| 15:55 | Construir | House |
| 15:56 | Construir | House |
| 16:02 | Crear | Militia |
| 16:02 | Crear | Militia |
| 16:03 | Crear | Militia |
| 16:41 | Investigar | Double-Bit Axe |
| 17:01 | Crear | Fishing Ship |
| 17:01 | Crear | Fishing Ship |
| 17:02 | Crear | Fishing Ship |
| 17:02 | Crear | Fishing Ship |
| 17:02 | Crear | Fishing Ship |
| 17:03 | Crear | Fishing Ship |
| 17:17 | Crear | Militia |
| 17:17 | Crear | Militia |
| 17:17 | Crear | Militia |
| 18:03 | Crear | Villager (Male) |
| 18:11 | Investigar | Tech 906 |
| 18:28 | Crear | Fishing Ship |
| 18:28 | Crear | Fishing Ship |
| 18:28 | Crear | Fishing Ship |
| 19:37 | Crear | Villager (Male) |
| 19:37 | Crear | Villager (Male) |
| 19:37 | Crear | Villager (Male) |
| 19:38 | Crear | Villager (Male) |
| 19:38 | Crear | Villager (Male) |
| 19:38 | Crear | Villager (Male) |
| 19:39 | Crear | Villager (Male) |
| 19:39 | Crear | Villager (Male) |
| 19:39 | Crear | Villager (Male) |
| 20:26 | Construir | Stone Wall |
| 20:32 | Construir | Building 490 |
| 21:03 | Crear | Fishing Ship |
| 21:04 | Crear | Fishing Ship |
| 21:04 | Crear | Fishing Ship |
| 21:06 | Crear | Fishing Ship |
| 21:06 | Crear | Fishing Ship |
| 21:55 | Construir | House |
| 22:04 | Construir | House |
| 22:05 | Construir | House |
| 22:07 | Construir | House |
| 23:16 | Construir | Blacksmith |
| 23:46 | Investigar | Castle Age |
| 24:10 | Investigar | Man-at-Arms (upgrade) |
| 24:11 | Crear | Militia |
| 24:12 | Crear | Militia |
| 24:12 | Crear | Militia |
| 24:12 | Crear | Militia |
| 24:15 | Investigar | Scale Mail Armor |
| 25:25 | Crear | Spearman |
| 25:25 | Crear | Spearman |
| 25:25 | Crear | Spearman |
| 25:25 | Crear | Spearman |
| 25:26 | Crear | Spearman |
| 26:26 | Edad | Edad de los Castillos |
| 26:50 | Construir | Town Center |
| 27:26 | Crear | Villager (Male) |
| 27:26 | Crear | Villager (Male) |
| 27:27 | Crear | Villager (Male) |
| 27:27 | Crear | Villager (Male) |
| 27:27 | Crear | Villager (Male) |
| 27:27 | Crear | Villager (Male) |
| 27:28 | Crear | Villager (Male) |
| 27:35 | Investigar | Pikeman (upgrade) |
| 28:11 | Construir | Town Center |
| 28:36 | Crear | Villager (Male) |
| 28:36 | Crear | Villager (Male) |
| 28:37 | Crear | Villager (Male) |
| 28:37 | Crear | Villager (Male) |
| 28:37 | Crear | Villager (Male) |
| 28:37 | Crear | Villager (Male) |
| 28:38 | Crear | Villager (Male) |
| 28:38 | Crear | Villager (Male) |
| 28:38 | Crear | Villager (Male) |
| 28:38 | Crear | Villager (Male) |
| 28:58 | Construir | Mining Camp |
| 29:10 | Crear | Villager (Male) |
| 29:10 | Crear | Villager (Male) |
| 29:10 | Crear | Villager (Male) |
| 29:10 | Crear | Villager (Male) |
| 29:11 | Crear | Villager (Male) |
| 29:11 | Crear | Villager (Male) |
| 29:11 | Crear | Villager (Male) |
| 29:11 | Crear | Villager (Male) |
| 30:05 | Construir | Town Center |
| 30:14 | Crear | Villager (Male) |
| 30:14 | Crear | Villager (Male) |
| 30:14 | Crear | Villager (Male) |
Build order — Mrink
Primeras 150 de 245 acciones detectadas
| 0:03 | Crear | Villager (Male) ×4 |
| 0:04 | Construir | House |
| 0:07 | Construir | House |
| 1:34 | Crear | Villager (Male) |
| 1:56 | Construir | Settlement |
| 2:10 | Crear | Villager (Male) |
| 2:35 | Crear | Villager (Male) |
| 2:57 | Crear | Villager (Male) |
| 2:57 | Crear | Villager (Male) |
| 3:22 | Crear | Villager (Male) |
| 3:52 | Crear | Villager (Male) |
| 3:55 | Crear | Villager (Male) |
| 4:44 | Crear | Villager (Male) |
| 5:05 | Crear | Villager (Male) |
| 5:40 | Crear | Villager (Male) |
| 5:54 | Crear | Villager (Male) |
| 5:58 | Investigar | Loom |
| 7:03 | Investigar | Feudal Age |
| 7:10 | Construir | Barracks |
| 8:03 | Crear | Unit 2550 |
| 8:03 | Crear | Unit 2550 |
| 8:06 | Crear | Unit 2550 |
| 8:06 | Crear | Unit 2550 |
| 8:07 | Crear | Unit 2550 |
| 8:38 | Construir | Settlement |
| 8:51 | Crear | Villager (Male) |
| 9:13 | Edad | Edad Feudal |
| 9:26 | Crear | Villager (Male) |
| 9:54 | Investigar | Tech 1402 |
| 10:00 | Crear | Villager (Male) |
| 10:27 | Crear | Villager (Male) |
| 10:27 | Crear | Villager (Male) |
| 10:31 | Construir | Farm |
| 10:36 | Construir | Farm |
| 10:46 | Crear | Villager (Male) |
| 10:46 | Crear | Villager (Male) |
| 11:33 | Crear | Villager (Male) |
| 11:33 | Crear | Villager (Male) |
| 11:37 | Construir | Farm |
| 11:38 | Construir | Farm |
| 12:29 | Crear | Villager (Male) |
| 12:29 | Crear | Villager (Male) |
| 12:31 | Construir | Farm |
| 12:35 | Construir | Farm |
| 12:54 | Construir | Farm |
| 13:09 | Crear | Spearman |
| 13:10 | Crear | Unit 2550 |
| 13:10 | Crear | Unit 2550 |
| 13:44 | Crear | Villager (Male) |
| 13:45 | Crear | Villager (Male) |
| 13:48 | Construir | Farm |
| 13:48 | Construir | Farm |
| 13:48 | Construir | Farm |
| 13:49 | Construir | Farm |
| 13:49 | Construir | Farm |
| 13:49 | Construir | Farm |
| 14:29 | Crear | Villager (Male) |
| 14:44 | Construir | Settlement |
| 14:47 | Crear | Villager (Male) |
| 14:48 | Crear | Villager (Male) |
| 14:55 | Construir | Farm |
| 15:30 | Crear | Villager (Male) |
| 15:46 | Construir | Blacksmith |
| 15:48 | Crear | Villager (Male) |
| 16:44 | Crear | Villager (Male) |
| 16:49 | Construir | Archery Range |
| 16:52 | Construir | Farm |
| 17:18 | Construir | Farm |
| 17:24 | Construir | Farm |
| 17:24 | Construir | Farm |
| 17:25 | Construir | Farm |
| 17:59 | Investigar | Castle Age |
| 18:05 | Construir | Farm |
| 18:07 | Construir | Farm |
| 18:39 | Investigar | Double-Bit Axe |
| 19:40 | Construir | Barracks |
| 19:52 | Investigar | Scale Mail Armor |
| 19:54 | Investigar | Forging |
| 20:22 | Crear | Villager (Male) |
| 20:22 | Crear | Villager (Male) |
| 20:34 | Crear | Unit 2550 ×5 |
| 20:39 | Edad | Edad de los Castillos |
| 20:39 | Construir | Barracks |
| 20:59 | Investigar | Chain Mail Armor |
| 21:05 | Investigar | Tech 1351 |
| 21:35 | Crear | Villager (Male) |
| 21:36 | Crear | Villager (Male) |
| 21:48 | Construir | House |
| 21:54 | Crear | Unit 2550 ×5 |
| 21:57 | Investigar | Squires |
| 21:58 | Investigar | Arson |
| 22:19 | Crear | Unit 2550 ×4 |
| 22:45 | Crear | Villager (Male) |
| 22:49 | Investigar | Wheelbarrow |
| 22:59 | Crear | Villager (Male) |
| 23:00 | Crear | Villager (Male) |
| 23:17 | Construir | Town Center |
| 23:26 | Crear | Villager (Male) |
| 24:22 | Crear | Unit 2550 ×5 |
| 24:40 | Construir | Town Center |
| 24:42 | Crear | Villager (Male) |
| 24:46 | Crear | Villager (Male) |
| 24:46 | Crear | Villager (Male) |
| 25:53 | Crear | Villager (Male) ×5 |
| 26:22 | Construir | Farm |
| 26:26 | Construir | Farm |
| 26:30 | Construir | Farm |
| 26:33 | Construir | Farm |
| 26:43 | Crear | Unit 2550 ×5 |
| 26:48 | Investigar | Iron Casting |
| 27:17 | Crear | Villager (Male) ×5 |
| 27:21 | Construir | Farm |
| 27:24 | Construir | Farm |
| 27:34 | Crear | Villager (Male) ×5 |
| 27:41 | Construir | Farm |
| 27:53 | Crear | Unit 2550 ×2 |
| 27:55 | Construir | House |
| 28:19 | Construir | House |
| 28:29 | Investigar | Hand Cart |
| 28:32 | Investigar | Town Watch |
| 28:45 | Crear | Spearman ×5 |
| 28:59 | Construir | Farm |
| 29:07 | Crear | Spearman |
| 30:01 | Crear | Villager (Male) |
| 30:01 | Crear | Villager (Male) |
| 30:21 | Crear | Villager (Male) |
| 30:22 | Crear | Villager (Male) |
| 31:03 | Crear | Villager (Male) |
| 31:04 | Crear | Villager (Male) |
| 31:20 | Crear | Villager (Male) ×5 |
| 31:38 | Construir | Farm |
| 31:40 | Crear | Villager (Male) |
| 31:40 | Crear | Villager (Male) |
| 32:37 | Investigar | Pikeman (upgrade) |
| 32:39 | Crear | Villager (Male) |
| 32:50 | Investigar | Horse Collar |
| 32:50 | Investigar | Bow Saw |
| 32:53 | Investigar | Gold Mining |
| 32:59 | Crear | Villager (Male) ×5 |
| 33:51 | Construir | Town Center |
| 34:03 | Construir | Farm |
| 34:24 | Construir | Town Center |
| 34:41 | Construir | Monastery |
| 34:52 | Construir | University |
| 34:58 | Crear | Villager (Male) ×5 |
| 35:02 | Construir | House |
| 35:04 | Construir | House |
| 35:05 | Construir | House |
| 37:03 | Investigar | Imperial Age |
| 37:18 | Crear | Spearman |
Cronología de la partida
| 7:04 | BOYBOSSBEHAVE · wall_segment Palisade Wall x8 |
| 7:06 | BOYBOSSBEHAVE · wall_segment Palisade Wall x5 |
| 7:10 | Mrink · first_building Barracks |
| 7:47 | Fred · first_building Dock |
| 9:13 | Mrink · age_up feudal |
| 9:37 | Alastor1001 · wall_segment Palisade Wall x1 |
| 9:58 | BOYBOSSBEHAVE · age_up feudal |
| 10:07 | Carlomagno_dp · age_up feudal |
| 10:58 | Carlomagno_dp · first_building Dock |
| 11:11 | Alastor1001 · age_up feudal |
| 11:32 | Fred · age_up feudal |
| 11:37 | Alastor1001 · wall_segment Stone Wall x22 |
| 11:52 | Fred · first_building Barracks |
| 12:07 | BOYBOSSBEHAVE · first_building Dock |
| 13:56 | Alvaro_Pirichy · age_up feudal |
| 14:07 | Fred · tribute_sent a jugador 1 |
| 14:07 | Fred · tribute_sent a jugador 2 |
| 14:07 | Fred · tribute_sent a jugador 3 |
| 14:07 | Fred · tribute_sent a jugador 4 |
| 14:07 | Fred · tribute_sent a jugador 6 |
| 14:59 | Alvaro_Pirichy · first_market_sell 100 wood |
| 15:01 | Alastor1001 · wall_segment Stone Wall x33 |
| 16:09 | Fred · tribute_sent a jugador 1 |
| 16:09 | Fred · tribute_sent a jugador 2 |
| 16:09 | Fred · tribute_sent a jugador 3 |
| 16:09 | Fred · tribute_sent a jugador 4 |
| 16:09 | Fred · tribute_sent a jugador 6 |
| 16:49 | Mrink · first_building Archery Range |
| 17:27 | BOYBOSSBEHAVE · age_up castle |
| 17:51 | Alvaro_Pirichy · age_up castle |
| 17:59 | Alvaro_Pirichy · first_market_buy 100 wood |
| 18:05 | BOYBOSSBEHAVE · first_building Barracks |
| 18:45 | Carlomagno_dp · first_building Stable |
| 19:31 | BOYBOSSBEHAVE · first_market_buy 100 wood |
| 19:47 | Fred · tribute_sent a jugador 1 |
| 19:47 | Fred · tribute_sent a jugador 2 |
| 19:47 | Fred · tribute_sent a jugador 3 |
| 19:47 | Fred · tribute_sent a jugador 4 |
| 19:47 | Fred · tribute_sent a jugador 6 |
| 20:13 | Carlomagno_dp · first_market_sell 100 food |
| 20:14 | Carlomagno_dp · age_up castle |
| 20:26 | Fred · wall_segment Stone Wall x26 |
| 20:39 | Mrink · age_up castle |
| 21:30 | Alvaro_Pirichy · first_building Castle |
| 21:37 | BOYBOSSBEHAVE · first_building Archery Range |
| 22:23 | Alastor1001 · wall_segment Stone Wall x1 |
| 22:46 | Carlomagno_dp · first_market_buy 100 wood |
| 23:04 | Alastor1001 · wall_segment Stone Wall x2 |
| 23:05 | Alastor1001 · wall_segment Stone Wall x6 |
| 24:41 | Alvaro_Pirichy · tribute_sent a jugador 1 |
| 24:41 | Alvaro_Pirichy · tribute_sent a jugador 3 |
| 24:41 | Alvaro_Pirichy · tribute_sent a jugador 4 |
| 24:41 | Alvaro_Pirichy · tribute_sent a jugador 5 |
| 24:41 | Alvaro_Pirichy · tribute_sent a jugador 6 |
| 24:46 | Alastor1001 · age_up castle |
| 25:06 | Alastor1001 · first_building Castle |
| 26:05 | Alastor1001 · first_market_buy 100 stone |
| 26:26 | Fred · age_up castle |
| 28:43 | Carlomagno_dp · first_building Castle |
| 30:44 | Alastor1001 · first_market_sell 100 food |
| 30:49 | BOYBOSSBEHAVE · first_building Castle |
| 31:30 | Fred · first_building Monastery |
| 32:19 | Alastor1001 · first_building Barracks |
| 32:31 | Carlomagno_dp · age_up imperial |
| 32:44 | Alvaro_Pirichy · first_building Barracks |
| 33:18 | Carlomagno_dp · first_building Monastery |
| 33:35 | Alvaro_Pirichy · tribute_sent a jugador 1 |
| 33:35 | Alvaro_Pirichy · tribute_sent a jugador 3 |
| 33:35 | Alvaro_Pirichy · tribute_sent a jugador 4 |
| 33:35 | Alvaro_Pirichy · tribute_sent a jugador 5 |
| 33:35 | Alvaro_Pirichy · tribute_sent a jugador 6 |
| 33:49 | Alvaro_Pirichy · first_building Stable |
| 34:02 | Alvaro_Pirichy · age_up imperial |
| 34:26 | BOYBOSSBEHAVE · first_building Stable |
| 34:41 | Mrink · first_building Monastery |
| 35:02 | Fred · first_market_buy 100 food |
| 35:10 | Fred · first_market_sell 100 wood |
| 36:07 | Alastor1001 · age_up imperial |
| 36:52 | BOYBOSSBEHAVE · first_market_sell 100 food |
| 38:29 | Mrink · first_building Castle |
| 38:54 | Fred · first_building Siege Workshop |
| 38:57 | Alvaro_Pirichy · tribute_sent a jugador 1 |
| 38:57 | Alvaro_Pirichy · tribute_sent a jugador 3 |
| 38:57 | Alvaro_Pirichy · tribute_sent a jugador 4 |
| 38:57 | Alvaro_Pirichy · tribute_sent a jugador 5 |
| 38:57 | Alvaro_Pirichy · tribute_sent a jugador 6 |
| 39:07 | Fred · first_building Castle |
| 39:21 | Fred · first_building Archery Range |
| 39:50 | Alvaro_Pirichy · first_building Siege Workshop |
| 40:37 | Fred · age_up imperial |
| 40:46 | Fred · tribute_sent a jugador 1 |
| 40:46 | Fred · tribute_sent a jugador 2 |
| 40:46 | Fred · tribute_sent a jugador 3 |
| 40:46 | Fred · tribute_sent a jugador 4 |
| 40:46 | Fred · tribute_sent a jugador 6 |
| 41:57 | Alastor1001 · first_building Stable |
| 43:26 | Mrink · age_up imperial |
| 44:46 | BOYBOSSBEHAVE · age_up imperial |
| 44:48 | BOYBOSSBEHAVE · first_building Siege Workshop |
| 49:48 | Alastor1001 · resign |
[ ANÁLISIS IA · 1 CRÉDITO ]
¿Qué pasó realmente en esta partida?
Wolo.gg analiza cada decisión: build order, eco, micro, errores típicos por bracket. Análisis personalizado por WhatsApp o Discord en 30 segundos.
Guía civ
Jemeres
Guía mapa
Coastal Forest
Perfil
Carlomagno_dp